 Dungeon Crawl Stone Soup version 0.21-a0-508-gf08a75f (webtiles) character file.

55 slep the Skirmisher (level 3, -2/29 HPs)
             Began as a Demonspawn Fighter on Nov 29, 2017.
             Slain by an adder (4 damage)
             ... on level 2 of the Dungeon.
             The game lasted 00:03:32 (1339 turns).

slep the Skirmisher (Demonspawn Fighter)            Turns: 1339, Time: 00:03:32

Health: -2/29      AC:  6    Str: 17    XL:     3   Next: 67%
Magic:  3/3        EV:  7    Int:  9    God:
Gold:   44         SH:  9    Dex: 12    Spells: 2/2 levels left

rFire    . . .     SeeInvis .   a - +0 trident
rCold    . . .     Gourm    .   c - +0 shield
rNeg     . . .     Faith    .   b - +0 scale mail
rPois    .         Spirit   .   (no helmet)
rElec    .         Reflect  .   (no cloak)
rCorr    .         Harm     .   (no gloves)
MR       .....                  (no boots)
Stlth    ..........             (no amulet)
HPRegen  0.09/turn              (no ring)
MPRegen  0.08/turn              (no ring)

@: lethally poisoned (-2 -> -11)
A: claws 1
a: no special abilities


You were on level 2 of the Dungeon.
You were not hungry.

You visited 1 branch of the dungeon, and saw 2 of its levels.

You collected 44 gold pieces.

Inventory:

Hand Weapons
 a - a +0 trident (weapon)
Armour
 b - a +0 scale mail (worn)
 c - a +0 shield (worn)
Wands
 s - a wand of iceblast (10)
Scrolls
 h - a scroll of enchant armour {unknown}
 i - a scroll of random uselessness {unknown}
 n - 2 scrolls of identify {unknown}
 p - a scroll of amnesia {unknown}
 q - a scroll of remove curse {unknown}
Potions
 d - 2 potions of might
 e - a potion of agility {unknown}
 g - a potion of brilliance {unknown}
 j - 2 potions of lignification {unknown}
 m - a potion of invisibility {unknown}
 t - a potion of berserk rage {unknown}
 u - a potion of flight {unknown}
Comestibles
 f - 3 bread rations
 k - 2 royal jellies
 l - 2 meat rations
 o - 7 fruits
 r - 4 chunks of flesh


   Skills:
 + Level 3.4 Fighting
 + Level 2.5 Polearms
 + Level 3.0 Armour
 + Level 0.3 Dodging
 + Level 3.1 Shields


You had 2 spell levels left.
You didn't know any spells.

Dungeon Overview and Level Annotations

Branches:
Dungeon (2/15)

Altars:
Xom


Innate Abilities, Weirdness & Mutations

You have sharp fingernails.


Message History

The adder is heavily wounded.
The adder bites you.
* * * LOW HITPOINT WARNING * * *
You are poisoned.
The adder poisons you! You block the adder's attack.
You closely miss the adder.
The adder is heavily wounded.
You feel sick. You block the adder's attack.
Your shield and scale mail prevent you from hitting the adder.
The adder is heavily wounded.
* * * LOW HITPOINT WARNING * * *
You feel sick. You block the adder's attack. The adder bites you.
* * * LOW HITPOINT WARNING * * *
You are more poisoned.
The adder poisons you!
You miss the adder.
The adder is heavily wounded.
* * * LOW HITPOINT WARNING * * *
You feel sick. The adder bites you.
You die...

#.# #.......# #)###
#.# #.......# #....
#.## ##.....## #....
#..## ##...## #....
##..##+#######'#######
#....
##...................
........
#...................
.......
#...................
^.......
####+#######@#######
###..### #.S.# #.....
#.....# #..##
#.......# #..##
#.......# #<...
#...(...# ##...
##.....## #... ##...##
##.. #..


You could see an adder.

Vanquished Creatures
  An adder (D:2)
  A worm (D:2)
  2 dart slugs (D:1)
  A ball python (D:2)
  3 giant cockroaches
  6 goblins
  5 hobgoblins
  4 jackals (D:2)
  A quokka (D:2)
  5 bats
  4 kobolds (D:1)
  3 rats
36 creatures vanquished.

Notes
Turn   | Place    | Note
-------+----------+-------------------------------------------
     0 | D:1      | slep the Demonspawn Fighter began the quest for the Orb.
     0 | D:1      | Reached XP level 1. HP: 18/18 MP: 1/1
   302 | D:1      | Gained mutation: You have sharp fingernails. [demonic ancestry]
   302 | D:1      | Reached XP level 2. HP: 16/24 MP: 2/2
   956 | D:2      | Reached XP level 3. HP: 20/29 MP: 3/3
  1116 | D:2      | Found a shimmering altar of Xom.
  1339 | D:2      | Slain by an adder

Vault maps used:
D:1:      dpeg_arrival_morbid_curiosity, minmay_misc_feat_encased,
          minmay_misc_feat_secret_circle
D:2:      kennysheep_six_static_rooms, nicolae_overflow_crystal_walls

Skill      XL: |  1  2 |
---------------+-------+-----
Polearms       | 2 |  2.5
Armour         | 3 |  3.0
Shields        | 3 |  3.1
Fighting       | |  3.4
Dodging        | |  0.3

Action                   || total
-------------------------++-------
Melee: Trident           ||   136
  Eat: Chunk             ||     2
Armor: Scale mail        ||    89
Dodge: Dodged            ||    45
Block: Shield            ||    94

Table legend:
 A = Spawn XP
 B = Non-spawn XP
 C = Spawn XP percentage of total XP
 D = Spawn monster count
 E = Non-spawn monster count
 F = Spawn count percentage of total count
 G = Total turns spent on level
                    A         B        C        D         E        F      G
               +---------+---------+-------+---------+---------+-------+---------
         Total |       0 |      79 |   0.0 |       0 |      36 |   0.0 |  1339
               +---------+---------+-------+---------+---------+-------+---------
           D:1 |       0 |      38 |   0.0 |       0 |      21 |   0.0 |   937
           D:2 |       0 |      41 |   0.0 |       0 |      15 |   0.0 |   402
               +---------+---------+-------+---------+---------+-------+---------
